 Dungeon Crawl Stone Soup version 0.28-a0-313-gbc0475efdd (webtiles) character file.

Game seed: 17920893291616119409

9842 Dirtsage the Cleaver (level 11, -6/95 HPs)
             Began as a Minotaur Fighter on Aug 31, 2021.
             Was a High Priest of Okawaru.
             Mangled by a wyvern zombie (9 damage)
             ... on level 9 of the Dungeon.
             The game lasted 00:24:25 (7659 turns).

Dirtsage the Cleaver (Minotaur Fighter)             Turns: 7659, Time: 00:24:26

Health: -6/95      AC: 13    Str: 21    XL:     11   Next: 28%
Magic:  14/14      EV: 11    Int:  3    God:    Okawaru [*****.]
Gold:   984        SH: 11    Dex: 13    Spells: 10/10 levels left

rFire   . . .      SeeInvis +   O - +4 war axe
rCold   . . .      Faith    .   c - +1 kite shield
rNeg    . . .      Spirit   .   C - +0 scale mail {Will+}
rPois   .          Reflect  .   (helmet restricted)
rElec   +          Harm     .   G - +0 cloak
rCorr   .          Rampage  .   e - +2 pair of gloves
Will    ++...                   (no boots)
Stlth   ..........              j - amulet of regeneration
HPRegen 1.25/turn               v - ring of see invisible
MPRegen 0.14/turn               W - ring of willpower

@: no status effects
A: horns 2, retaliatory headbutt, claws 1, dopey 1, electricity resistance
a: Renounce Religion, Heroism, Finesse, Duel


You were on level 9 of the Dungeon.
You worshipped Okawaru.
Okawaru was extremely pleased with you.
You visited 2 branches of the dungeon, and saw 11 of its levels.

You collected 984 gold pieces.


Innate Abilities, Weirdness & Mutations

You have a pair of horns on your head.
You reflexively headbutt those who attack you in melee.
You have sharp fingernails.
You are dopey. (Int -2)
You are resistant to electric shocks. (rElec)


   Skills:
 + Level 8.4 Fighting
 * Level 13.3 Axes
 + Level 8.5 Armour
 + Level 6.9 Dodging
 - Level 7.0 Shields
 + Level 6.3 Invocations


You had 10 spell levels left.
You didn't know any spells.
Your spell library contained the following spells:

 Spells                   Type           Power      Damage    Failure   Level
 Magic Dart               Conj           0%         1d3       99%         1
 Corpse Rot               Necr/Air       N/A        N/A       99%         2
 Poisonous Vapours        Pois/Air       0%         N/A       99%         2
 Mephitic Cloud           Conj/Pois/Air  0%         N/A       100%        3
 Stone Arrow              Conj/Erth      0%         3d7       100%        3
 Bolt of Magma            Conj/Fire/Erth 0%         4d4       100%        5
 Freezing Cloud           Conj/Ice/Air   0%         6-21      100%        5
 Shatter                  Erth           0%         3d5*      100%        9
 Call Imp                 Summ           Unusable   N/A       N/A         2

Inventory:

Hand Weapons
 a - a +0 war axe
 u - a +0 hand crossbow
 O - a +4 war axe (weapon)
 P - a +3 morningstar of freezing
Missiles
 p - 82 bolts
 H - 7 throwing nets (quivered) {=f}
Armour
 c - a +1 kite shield (worn)
 e - a +2 pair of gloves (worn)
 t - a scarf of harm
 C - a +0 scale mail of willpower (worn)
 G - a +0 cloak (worn)
Jewellery
 i - a +6 ring of intelligence
 j - an amulet of regeneration (around neck)
 r - an amulet of faith {!P}
 v - a ring of see invisible (left hand)
 L - a ring of flight
 W - a ring of willpower (right hand)
Wands
 y - a wand of iceblast (7)
 B - a wand of flame (78)
 D - a wand of polymorph (5)
 M - a wand of acid (8)
Scrolls
 b - 2 scrolls of identify {@r1}
 d - a scroll of amnesia
 g - 6 scrolls of teleportation {@r2}
 s - a scroll of magic mapping
 w - a scroll of fear
 x - a scroll of immolation
 E - a scroll of enchant armour
 I - 3 scrolls of noise
 K - 2 scrolls of vulnerability
Potions
 f - 2 potions of attraction
 h - 2 potions of invisibility
 k - 3 potions of heal wounds {unknown}
 l - a potion of brilliance
 m - 2 potions of degeneration {unknown}
 n - 2 potions of flight
 o - a potion of haste {unknown}
 q - 2 potions of resistance {unknown}
 z - a potion of ambrosia {unknown}
 A - a potion of mutation

Dungeon Overview and Level Annotations

Branches:
Dungeon (10/15)            Temple (1/1) D:6             Orc (0/2) D:9
   Lair: D:8-11

Altars:
Ashenzari
Cheibriados
Dithmenos
Elyvilon
Fedhas
Gozag
Hepliaklqana
Kikubaaqudgha
Makhleb
Nemelex Xobeh
Okawaru
Qazlal
Ru
Sif Muna
Trog
Uskayaw
Vehumet
Wu Jian
Xom
Yredelemnul
Zin
The Shining One

Annotations:
D:6 3 runed translucent doors, Mesmaeker13's ghost, novice DESu

.......## ##..#..##.# #.##.## #
#.....## ##.#.###.# #.##### ##
##...## #.#.# #.# #.....###.
##'## #.#.###.# #.....##.. #.#
#.......# #.....#... #.#
#####################... ##.##
#.P.P.P.P['.........#...
##...#####.....y...#.........##..
.........#.....Z@..#.........###.
##...#####.DP.P.P.P#.........# #.
##.## #o##############'#######
#.# #.o #....#..) #.# #...
#..⌠.#..) #.# #oZ.. #.⌠..#... #.#
#....y #....)... #.# #.....D
######### ###.# #....o..


You could see a fire dragon, a meliai, an orc wizard (invisible) and a wyvern
zombie.


Message History

The meliai invokes the aid of its god against you.
Something smites you!
* * * LOW HITPOINT WARNING * * *
The wyvern zombie bites you.
* * * LOW HITPOINT WARNING * * *
You completely miss the meliai. You hit the bush but do no damage.
You slash the wyvern zombie! You block the meliai's attack. x2
You block the wyvern zombie's attack.
The meliai hits you with a +0 broad axe!
* * * LOW HITPOINT WARNING * * *
The meliai stings you but does no damage.
You slice the meliai!!
The meliai is severely wounded.
You hit the wyvern zombie. You hit the bush.
The meliai hits you with a +0 broad axe.
* * * LOW HITPOINT WARNING * * *
The meliai stings you but does no damage.
You block the wyvern zombie's attack.
The meliai invokes the aid of its god against you.
Something smites you!
* * * LOW HITPOINT WARNING * * *
You miss the meliai.
The meliai is severely wounded.
You hit the bush but do no damage.
You hit the wyvern zombie but do no damage.
The meliai mumbles some strange prayers to its god against you.
Something smites you!
* * * LOW HITPOINT WARNING * * *
The wyvern zombie bites you!
You die...

Skill      XL: |  1  2  3  4  5  6  7  8  9 10 11 |
---------------+----------------------------------+-----
Axes           | 3 4 5 6 7 9 10 11 12 13 | 13.3
Fighting       | 4 5 6 8 |  8.4
Armour         | 4 5 6 8 |  8.5
Dodging        | 1 3 5 6 |  6.9
Shields        | 4 6 7 |  7.0
Invocations    | 4 6 |  6.3

Action                   |  1- 3 |  4- 6 |  7- 9 | 10-12 || total
-------------------------+-------+-------+-------+-------++-------
Melee: War axe           |    77 |   124 |   261 |   318 ||   780
       Headbutt          |    13 |    18 |    67 |    71 ||   169
Invok: Finesse           |       |       |       |     2 ||     2
       Heroism           |       |       |       |     1 ||     1
Evoke: Wand              |       |       |     1 |     1 ||     2
  Use: Potion            |       |     4 |       |     2 ||     6
       Scroll            |       |       |     1 |    15 ||    16
Armor: Scale mail        |    45 |    14 |       |    98 ||   157
       Chain mail        |       |    53 |   116 |       ||   169
Dodge: Dodged            |    21 |    36 |    68 |   120 ||   245
Block: Kite shield       |    35 |    60 |   125 |   209 ||   429

Levels and vault maps discovered:
D:1:      lightli_iron_boxes, layout_basic
D:2:      layout_basic, shapermc_ecumenical_altar_venn, basic_altar,
          minmay_door_square, chequers_jeans
D:3:      layout_rooms
D:4:      layout_loops_ring, mainiacjoe_overflow_catwalk_spiral,
          gammafunk_ghost_mausoleum
D:5:      layout_basic, chequers_serial_rivers_micro_e, uniq_grinder,
          uniq_edmund, uniq_eustachio
D:6:      layout_cave_pools, lemuel_doored_altar,
          minmay_temple_entry_antechambers, gammafunk_ghost_nasty_kobolds,
          minivault_10, uniq_menkaure
D:7:      layout_cave_pools, general_overflow_altar, vehumet_altar_wand_db,
          uniq_harold, uniq_maggie
D:8:      layout_loops_corners, mainiacjoe_overflow_paths,
          minmay_fractal_squares_diagonal_5, uniq_psyche
D:9:      minmay_klotski, layout_loops_corners, mainiacjoe_overflow_big_doors,
          kennysheep_orc_monster_closet_entryway
D:10:     layout_stronghold, lemuel_tele_altar, dpeg_oklobed_lair, serial_shops,
          nicolae_stop_n_shop_2, nicolae_lakefront_shop, serial_column_ruins,
          column_ruins_square_large, column_ruins_hut,
          column_ruins_columns_straight, column_ruins_open_small,
          column_ruins_columns_straight, column_ruins_open_medium,
          lemuel_flamethrower_2, uniq_sonja, uniq_maurice
Temple:   dshaligram_water_room_temple

Notes
Turn   | Place    | Note
-------+----------+-------------------------------------------
     0 | D:1      | Dirtsage the Minotaur Fighter began the quest for the Orb.
     0 | D:1      | Reached XP level 1. HP: 19/19 MP: 0/0
   233 | D:1      | Reached skill level 3 in Axes
   352 | D:1      | Reached XP level 2. HP: 26/26 MP: 1/1
   702 | D:2      | Reached skill level 4 in Axes
   705 | D:2      | Reached XP level 3. HP: 31/31 MP: 2/2
   716 | D:2      | Found a faded altar of an unknown god.
   936 | D:2      | Found a glowing silver altar of Zin.
   996 | D:2      | Reached skill level 5 in Axes
  1086 | D:2      | Reached XP level 4. HP: 39/39 MP: 3/3
  1777 | D:3      | You are sucked into a shaft and drop 2 floors!
  1777 | D:5      | Entered Level 5 of the Dungeon
  1786 | D:5      | Reached skill level 6 in Axes
  1813 | D:4      | Reached XP level 5. HP: 45/45 MP: 4/4
  1988 | D:4      | Found a burning altar of Makhleb.
  1994 | D:4      | Reached skill level 7 in Axes
  2243 | D:4      | Noticed a necrophage
  2247 | D:4      | Killed a necrophage
  2248 | D:4      | Reached XP level 6. HP: 49/51 MP: 5/5
  2322 | D:4      | Reached skill level 8 in Axes
  2509 | D:4      | Found a transporter.
  2511 | D:4      | Found a transporter.
  2511 | D:4      | Noticed Dirtsage's ghost (novice OpTm)
  2690 | D:4      | Killed Dirtsage's ghost
  2691 | D:4      | Reached skill level 9 in Axes
  2691 | D:4      | Reached XP level 7. HP: 33/57 MP: 6/6
  2692 | D:4      | Reached skill level 10 in Axes
  2799 | D:4      | Found a snail-covered altar of Cheibriados.
  2927 | D:5      | Noticed Eustachio
  2959 | D:5      | Killed Eustachio
  2960 | D:5      | Reached skill level 4 in Fighting
  2960 | D:5      | Reached skill level 4 in Armour
  2960 | D:5      | Reached skill level 1 in Dodging
  2960 | D:5      | Reached skill level 4 in Shields
  2960 | D:5      | Reached XP level 8. HP: 63/66 MP: 7/7
  3003 | D:5      | Noticed Edmund
  3028 | D:5      | Killed Edmund
  3176 | D:5      | Reached skill level 5 in Shields
  3259 | D:5      | Noticed Grinder
  3303 | D:5      | Killed Grinder
  3304 | D:5      | Reached skill level 11 in Axes
  3304 | D:5      | Reached skill level 2 in Dodging
  3486 | D:6      | Reached skill level 5 in Fighting
  3486 | D:6      | Reached skill level 5 in Armour
  3486 | D:6      | Reached skill level 6 in Shields
  3489 | D:6      | Reached skill level 3 in Dodging
  3541 | D:6      | Found a staircase to the Ecumenical Temple.
  3580 | Temple   | Entered the Ecumenical Temple
  3754 | D:6      | Found a runed translucent gate.
  3754 | D:6      | Found a runed translucent gate.
  3754 | D:6      | Found a runed translucent gate.
  3755 | D:6      | Noticed a kobold demonologist
  3755 | D:6      | Noticed Mesmaeker13's ghost (novice DESu)
  3810 | D:6      | Reached XP level 9. HP: 74/74 MP: 8/8
  3994 | D:6      | Noticed Menkaure
  4001 | D:6      | Killed Menkaure
  4054 | D:6      | Found an iron altar of Okawaru.
  4057 | D:6      | Became a worshipper of Warmaster Okawaru
  4072 | D:6      | Reached skill level 7 in Shields
  4191 | D:6      | Identified the +9 great mace "Qaegg" {flame, rElec}
  4370 | D:7      | Reached skill level 1 in Invocations
  4383 | D:7      | Found a hide-covered altar of Uskayaw.
  4395 | D:7      | Reached skill level 4 in Dodging
  4399 | D:7      | Reached skill level 2 in Invocations
  4437 | D:7      | Reached skill level 6 in Fighting
  4497 | D:7      | Reached skill level 6 in Armour
  4508 | D:7      | Found a radiant altar of Vehumet.
  4541 | D:7      | Reached * piety under Okawaru
  4548 | D:7      | Reached skill level 3 in Invocations
  4627 | D:7      | Noticed Harold
  4642 | D:7      | Killed Harold
  4642 | D:7      | Reached ** piety under Okawaru
  4643 | D:7      | Reached skill level 5 in Dodging
  4643 | D:7      | Reached skill level 4 in Invocations
  4643 | D:7      | Reached XP level 10. HP: 50/84 MP: 10/12
  4746 | D:7      | Noticed Maggie
  4760 | D:7      | Killed Maggie
  5211 | D:8      | Reached skill level 12 in Axes
  5211 | D:8      | Reached skill level 7 in Armour
  5217 | D:8      | Reached skill level 7 in Fighting
  5231 | D:8      | Reached skill level 5 in Invocations
  5237 | D:8      | Reached *** piety under Okawaru
  5606 | D:8      | Found a basalt altar of Yredelemnul.
  5745 | D:8      | Noticed Psyche
  5757 | D:8      | Killed Psyche
  6224 | D:9      | Reached skill level 6 in Dodging
  6280 | D:9      | Reached **** piety under Okawaru
  6366 | D:9      | Found a white marble altar of Elyvilon.
  6428 | D:9      | Found a glowing golden altar of the Shining One.
  6582 | D:9      | Found a staircase to the Orcish Mines.
  6617 | D:9      | Reached skill level 8 in Armour
  6640 | D:9      | Reached skill level 8 in Fighting
  6650 | D:9      | Reached skill level 6 in Invocations
  6650 | D:9      | Reached XP level 11. HP: 15/94 MP: 9/14
  7205 | D:10     | Entered Level 10 of the Dungeon
  7231 | D:10     | Found a blossoming altar of Fedhas.
  7298 | D:10     | Noticed Maurice
  7317 | D:10     | Killed Maurice
  7318 | D:10     | Reached skill level 13 in Axes
  7349 | D:9      | Noticed a centaur warrior
  7350 | D:9      | Noticed a red ugly thing
  7364 | D:9      | Killed a red ugly thing
  7611 | D:9      | Killed a centaur warrior
  7611 | D:9      | Reached ***** piety under Okawaru
  7647 | D:9      | Noticed a fire dragon
  7651 | D:9      | Gained mutation: You are dopey. (Int -2) [potion of
                  | mutation]
  7651 | D:9      | Gained mutation: You are resistant to electric shocks.
                  | (rElec) [potion of mutation]
  7651 | D:9      | Gained mutation: You have sharp fingernails. [potion of
                  | mutation]
  7659 | D:9      | HP: 3/95 [meliai/divine providence (13)]
  7659 | D:9      | Mangled by a wyvern zombie

Vanquished Creatures
  Harold (D:7)
  A centaur warrior (D:9)
  An ugly thing (D:9)
  Maurice (D:10)
  Maggie (D:7)
  Psyche (D:8)
  The ghost of Dirtsage the Changer, a novice OpTm (D:4)
  A troll (D:9)
  Grinder (D:5)
  A wyvern (D:9)
  A yak (D:8)
  A wraith (D:9)
  Eustachio (D:5)
  Edmund (D:5)
  Menkaure (D:6)
  An acid dragon (D:9)
  5 water moccasins
  A sky beast (D:7)
  A black bear (D:4)
  A hornet zombie (D:6)
  2 necrophages
  7 orc warriors
  2 centaurs
  7 ogres
  4 kobold brigands
  2 bullfrogs (D:8)
  3 gnoll sergeants
  4 scorpions
  A water moccasin skeleton (D:6)
  A wyvern skeleton (D:4)
  16 wights
  10 killer bees
  2 howler monkeys
  A bullfrog zombie (D:7)
  2 centaur zombies
  A bullfrog skeleton (D:5)
  3 hounds
  A centaur skeleton (D:7)
  A jelly (D:6)
  12 orc priests
  2 gnoll shamans
  An iguana (D:6)
  3 orc wizards
  3 howler monkey zombies
  29 gnolls
  5 adders
  A white imp (D:8)
  3 ufetubi
  An adder skeleton (D:3)
  4 worms
  3 dart slugs
  14 orcs
  6 ball pythons
  4 bats
  8 endoplasms
  4 giant cockroaches
  5 goblins
  6 hobgoblins
  6 jackals
  4 quokkas
  3 frilled lizards (D:1)
  10 kobolds
  6 rats
237 creatures vanquished.

Vanquished Creatures (others)
  A centaur zombie (D:10)
  3 fungi (D:9)
4 creatures vanquished.

Grand Total: 241 creatures vanquished

Table legend: (Time is in decaauts)
 A = Elapsed time spent in this place.
 B = Non-inter-level travel time spent in this place.
 C = Inter-level travel time spent in this place.
 D = Time resting spent in this place.
 E = Time spent auto-exploring this place.
 F = Levels seen in this place.
 G = Mean time per level.
                   A        B        C        D        E       F      G
               +--------+--------+--------+--------+--------+-----+--------+
         Total |   7770 |   7275 |    495 |    251 |   5181 |  11 |  706.4 |
       Dungeon |   7676 |   7181 |    495 |    251 |   5121 |  10 |  767.6 |
        Temple |     94 |     94 |      0 |      0 |     60 |   1 |   94.0 |
               +--------+--------+--------+--------+--------+-----+--------+

Top non-repeatable levels by time:
     D:9: 1313 daAuts
     D:8: 1116 daAuts
     D:4: 886 daAuts
     D:7: 747 daAuts
     D:6: 746 daAuts
     D:2: 735 daAuts
     D:1: 718 daAuts
     D:5: 669 daAuts
     D:3: 573 daAuts
    D:10: 170 daAuts
  Temple: 94 daAuts

Table legend:
 A = Non-vault XP
 B = Vault XP
 C = Vault XP percentage of total XP
 D = Non-vault monster count
 E = Vault monster count
 F = Vault count percentage of total count
                 A         B        C        D         E       F
            +---------+---------+-------+---------+---------+-------
      Total |    6443 |    7617 |  54.2 |     191 |      46 |  19.4
            +---------+---------+-------+---------+---------+-------
        D:1 |      28 |       0 |   0.0 |      14 |       0 |   0.0
        D:2 |      86 |       0 |   0.0 |      21 |       0 |   0.0
        D:3 |      44 |       0 |   0.0 |      19 |       0 |   0.0
        D:4 |     501 |     544 |  52.1 |      21 |       5 |  19.2
        D:5 |     494 |     625 |  55.9 |      11 |       3 |  21.4
        D:6 |     850 |     165 |  16.3 |      16 |       1 |   5.9
        D:7 |    1586 |    1410 |  47.1 |      30 |       3 |   9.1
        D:8 |    1185 |    1019 |  46.2 |      23 |       9 |  28.1
        D:9 |    1663 |    3385 |  67.1 |      34 |      24 |  41.4
       D:10 |       6 |     469 |  98.7 |       2 |       1 |  33.3
            +---------+---------+-------+---------+---------+-------
